 Dungeon Sprint DCSS version 0.27.1-1-g398f81649c (webtiles) character file.

Game seed: 5578522785808308987

14261 styxcanada the Imperceptible (level 11, -44/60 HPs)
             Began as a Spriggan Brigand on Sept 16, 2021.
             Was an Initiate of Gozag.
             Annihilated by a spriggan berserker (45 damage)
             ... in the Dungeon (Sprint IV: "Fedhas' Mad Dash").
             The game lasted 00:20:57 (1930 turns).

styxcanada the Imperceptible (Spriggan Brigand)     Turns: 1930, Time: 00:20:58

Health: -44/60     AC:  6    Str: 25    XL:     11   Next: 86%
Magic:  24/24      EV: 32    Int: 13    God:    Gozag
Gold:   612        SH: 12    Dex: 29    Spells: 17/26 levels left

rFire    . . .     SeeInvis +   u - +10 short sword of Oviparphi {freeze, rCorr Str+6 SInv Stlth-}
rCold    . . .     Faith    .   q - +2 buckler
rNeg     . . .     Spirit   .   s - +1 robe of the Monk {Str+6 Dex+3 SInv}
rPois    +         Reflect  .   (helmet restricted)
rElec    .         Harm     .   b - +2 cloak {rPois}
rCorr    +         Rampage  .   (gloves unavailable)
Will     +....     NoTele   +   (boots unavailable)
Stlth    +++++++++.             o - amulet of invisibility {+Inv}
HPRegen  0.20/turn              t - +6 ring of dexterity
MPRegen  0.19/turn              z - +6 ring of strength

@: very slightly contaminated, invisible, very quick
A: very small, no large weapons, unfitting armour, see invisible, speed 3
a: Renounce Religion, Evoke Invisibility, Potion Petition, Call Merchant, Bribe
Branch


You were in the Dungeon.
You worshipped Gozag.
Gozag was pleased with you.
You visited 1 branch You collected 3817 gold pieces.
You spent 3205 gold pieces at shops.

Inventory:

Hand Weapons
 a - a +4 dagger
 r - a +4 short sword
 u - the +10 short sword of Oviparphi (weapon) {freeze, rCorr Str+6 SInv Stlth-}
   (You found it in the Dungeon)

   It freezes those it strikes, dealing additional cold damage.
   It can also slow down cold-blooded creatures.
   Str:       It affects your strength (+6).
   SInv:      It lets you see invisible.
   rCorr:     It protects you from acid and corrosion.
   Stlth:     It makes you less stealthy.
Missiles
 d - 8 poisoned darts
 e - 2 curare-tipped darts
 j - 5 atropa-tipped darts (quivered)
 p - 5 stones
Armour
 b - a +2 cloak of poison resistance (worn)
 q - a +2 buckler (worn)
 s - the +1 robe of the Monk (worn) {Str+6 Dex+3 SInv}
   (You bought it in a shop in the Dungeon)

   Str:       It affects your strength (+6).
   Dex:       It affects your dexterity (+3).
   SInv:      It lets you see invisible.
Jewellery
 o - the amulet of invisibility (around neck) {+Inv}
   (You found it in the Dungeon)

   [amulet of nothing]

   +Inv:      It lets you turn invisible.
 t - a +6 ring of dexterity (left hand)
 z - a +6 ring of strength (right hand)
Wands
 y - a wand of charming (6)
Scrolls
 k - a scroll of blinking
 m - a scroll of fog
 v - 4 scrolls of identify
 x - 2 scrolls of amnesia
Potions
 c - a potion of lignification
 f - 3 potions of curing
 g - 3 potions of heal wounds
 h - a potion of haste
 i - 2 potions of magic
 l - a potion of ambrosia
 n - a potion of flight
 w - a potion of brilliance
 A - 3 potions of might
 B - a potion of berserk rage


   Skills:
 + Level 7.8 Fighting
 + Level 7.3 Short Blades
 + Level 4.4 Throwing
 * Level 11.8 Dodging
 + Level 25.7 Stealth
 * Level 6.4 Shields
 * Level 8.1 Spellcasting
 * Level 5.0 Conjurations
 * Level 2.9 Hexes
 * Level 5.4 Fire Magic
 * Level 1.8 Ice Magic
 * Level 14.7 Evocations


You had 17 spell levels left.
You knew the following spells:

 Your Spells              Type           Power      Damage    Failure   Level
a - Foxfire               Conj/Fire      72%        2x1d7     1%          1
b - Corona                Hex            14%        N/A       4%          1
c - Ensorcelled Hibernat  Hex/Ice        22%        N/A       8%          2
d - Slow                  Hex            13%        N/A       6%          2
e - Confusing Touch       Hex            13%        N/A       12%         3

Your spell library contained the following spells:

 Spells                   Type           Power      Damage    Failure   Level
 Tukima's Dance           Hex            13%        N/A       12%         3
 Animate Skeleton         Necr           10%        N/A       14%         1
 Summon Small Mammal      Summ           20%        N/A       14%         1
 Yara's Violent Unravell  Hex/Tmut       4%         3d4       91%         5
 Dispersal                Tloc           2%         N/A       100%        6
 Disjunction              Tloc           2%         N/A       100%        8


Dungeon Overview and Level Annotations

Branches:
Dungeon (1/1)

Altars:
Cheibriados
Dithmenos
Elyvilon
Gozag
Hepliaklqana
Kikubaaqudgha
Makhleb
Nemelex Xobeh
Okawaru
Qazlal
Ru
Sif Muna
Trog
Uskayaw
Vehumet
Wu Jian
Xom
Yredelemnul
Zin
The Shining One
Beogh
Jiyva
Lugonu

Shops:
D *::(!(([?!(!=[?**[==[


Innate Abilities, Weirdness & Mutations

You are very small and have problems with some larger weapons.
You are too small for most types of armour.
You have supernaturally acute eyesight. (SInv)
You cover ground extremely quickly. (Speed+++)


Message History

Cast which spell? (? or * to list)
You can't see any susceptible monsters within range! (Use Z to cast anyway.)
You closely miss the spriggan berserker.
The spriggan berserker is severely wounded.
The elephant completely misses you. x2
The spriggan berserker hits you with a +0 quarterstaff!!
You hit the spriggan berserker but do no damage.
The spriggan berserker is severely wounded.
The elephant is distracted by your dazzling golden aura.
You block the spriggan berserker's attack.
The elephant trumpets!
You hit the spriggan berserker. You freeze the spriggan berserker.
The spriggan berserker is severely wounded.
The spriggan berserker misses you.
You barely miss the spriggan berserker.
The spriggan berserker is severely wounded.
The spriggan berserker completely misses you.
You barely miss the spriggan berserker.
The spriggan berserker is severely wounded.
The spriggan berserker misses you.
You barely miss the spriggan berserker.
The spriggan berserker is severely wounded.
The elephant is no longer distracted by gold.
The spriggan berserker misses you. You block the elephant's attack. x2
You puncture the spriggan berserker! You freeze the spriggan berserker.
The spriggan berserker is almost dead.
The spriggan berserker hits you with a +0 quarterstaff!!
Ouch! That really hurt!
* * * LOW HITPOINT WARNING * * *
The elephant closely misses you. The elephant completely misses you.
The spriggan berserker closely misses you.
You barely miss the spriggan berserker.
The spriggan berserker is almost dead.
You block the spriggan berserker's attack.
The elephant completely misses you. The elephant barely misses you.
The spriggan berserker closely misses you.
The spriggan berserker hits you with a +0 quarterstaff!!!
Ouch! That really hurt!
You die...
Your body crumbles into a pile of gold.

..♣...♣'...#♣.♣########
############.....#### ...#
###..♣..♣....###
.P.#####.).♣......♣...♣###
)P..........♣.)...∩.∩..).#
.P...##################### ######
####### #######
#..#####..P∩∩###..Y$=#**
)..'........(##.@iP..+,*
...#####P....'.....$)#** ...#
###############***
...#####∩∩∩#,,,,,,,,,,,,*********
...'....∩.∩+,,,,,,,,,,,,+,,,,,,,*
...#####∩∩∩#,,,,,,,,,,,,*******,*
####***#####*******************,*
,,*,,*,,*,,*,,*,,*,,*,,*,,*,,*,,*
,,,,,,,,,,,,,,,,,,,,,,,,,,,,,,,,*


You could see an elephant (summoned, wandering, berserk) and a spriggan
berserker (berserk).

Vanquished Creatures
  Agnes (D)
  A ghost moth (D)
  A spriggan defender (D)
  A spriggan berserker (D)
  A spriggan druid (D)
  10 oklob plants (D)
  3 demonic crawlers (D)
  3 burning bushes (D)
  A queen bee (D)
  3 wandering mushrooms (D)
  6 hornets (D)
  3 scorpions (D)
  4 killer bees (D)
  5 oklob saplings (D)
  8 spriggans (D)
  A river rat (D)
  A rat (D)
  2 ballistomycete spores (D)
55 creatures vanquished.

Vanquished Creatures (others)
  An oklob plant (D)
  A fungus (D)
2 creatures vanquished.

Grand Total: 57 creatures vanquished

Notes
Turn   | Place    | Note
-------+----------+-------------------------------------------
     0 | D        | styxcanada the Spriggan Brigand began the quest for the
                  | Orb.
     0 | D        | Reached XP level 1. HP: 10/10 MP: 2/2
     9 | D        | Reached skill level 7 in Stealth
     9 | D        | Reached XP level 2. HP: 15/15 MP: 3/3
    12 | D        | Reached skill level 8 in Stealth
    17 | D        | Noticed an oklob sapling
    19 | D        | Killed an oklob sapling
    20 | D        | Reached skill level 10 in Stealth
    20 | D        | Reached XP level 3. HP: 19/19 MP: 4/4
    21 | D        | Noticed a scorpion
    21 | D        | Found the amulet of invisibility {+Inv}
    35 | D        | Killed a scorpion
    36 | D        | Reached skill level 12 in Stealth
    36 | D        | Reached XP level 4. HP: 23/23 MP: 5/5
    70 | D        | Found an opulent altar of Gozag.
    70 | D        | Found a hazy altar of Hepliaklqana.
    70 | D        | Found a burning altar of Makhleb.
    70 | D        | Found a sparkling altar of Nemelex Xobeh.
    70 | D        | Found a snail-covered altar of Cheibriados.
    70 | D        | Found a sacrificial altar of Ru.
    70 | D        | Found a shimmering blue altar of Sif Muna.
    70 | D        | Found a shimmering altar of Xom.
    70 | D        | Found a basalt altar of Yredelemnul.
    71 | D        | Found a viscous altar of Jiyva.
    71 | D        | Found a bloodstained altar of Trog.
    71 | D        | Found an ornate altar of the Wu Jian Council.
    72 | D        | Found an iron altar of Okawaru.
    72 | D        | Found a shadowy altar of Dithmenos.
    72 | D        | Found a glowing silver altar of Zin.
    73 | D        | Found an ancient bone altar of Kikubaaqudgha.
    73 | D        | Found a hide-covered altar of Uskayaw.
    74 | D        | Found a stormy altar of Qazlal.
    74 | D        | Found a white marble altar of Elyvilon.
    74 | D        | Found a glowing golden altar of the Shining One.
    75 | D        | Became a worshipper of Gozag Ym Sagoz the Greedy
    76 | D        | Found a corrupted altar of Lugonu.
    76 | D        | Found a radiant altar of Vehumet.
    80 | D        | Reached skill level 13 in Stealth
    80 | D        | Reached XP level 5. HP: 28/28 MP: 3/6
    92 | D        | Reached skill level 14 in Stealth
    92 | D        | Reached skill level 1 in Evocations
   141 | D        | Reached skill level 5 in Dodging
   142 | D        | Reached skill level 15 in Stealth
   144 | D        | Reached XP level 6. HP: 33/33 MP: 4/7
   202 | D        | Found Tofeaqer's Magic Scroll Shop.
   202 | D        | Found Uzanirch's Armour Emporium.
   209 | D        | Bought a scroll of identify for 24 gold pieces
   209 | D        | Bought a scroll of identify for 24 gold pieces
   211 | D        | Bought a scroll of enchant weapon for 90 gold pieces
   220 | D        | Noticed a burning bush
   220 | D        | Noticed a wandering mushroom
   221 | D        | Noticed a wandering mushroom
   224 | D        | Killed a burning bush
   225 | D        | Reached skill level 17 in Stealth
   225 | D        | Reached skill level 1 in Shields
   225 | D        | Killed a wandering mushroom
   226 | D        | Reached skill level 18 in Stealth
   226 | D        | Reached skill level 5 in Evocations
   226 | D        | Reached XP level 7. HP: 38/38 MP: 5/8
   226 | D        | Killed a wandering mushroom
   227 | D        | Reached skill level 19 in Stealth
   229 | D        | Reached skill level 5 in Fighting
   229 | D        | Reached XP level 8. HP: 43/43 MP: 5/9
   240 | D        | Found Naheoch's Jewellery Emporium.
   240 | D        | Found Ujywos's Antique Armour Shoppe.
   245 | D        | Bought a faintly glowing robe for 165 gold pieces
   245 | D        | Identified the +1 robe of the Monk {Str+6 Dex+3 SInv} (You
                  | bought it in a shop in the Dungeon)
   269 | D        | Bought a +0 cloak of poison resistance for 102 gold pieces
   270 | D        | Bought a scroll of enchant armour for 90 gold pieces
   270 | D        | Bought a scroll of enchant armour for 90 gold pieces
   419 | D        | Noticed a queen bee
   431 | D        | Killed a queen bee
   432 | D        | Reached skill level 5 in Short Blades
   432 | D        | Reached skill level 20 in Stealth
   492 | D        | Noticed an oklob plant
   495 | D        | Killed an oklob plant
   509 | D        | Noticed a burning bush
   512 | D        | Killed a burning bush
   513 | D        | Reached skill level 21 in Stealth
   513 | D        | Reached XP level 9. HP: 48/48 MP: 8/10
   516 | D        | Got Sif Muna's Introduction to the Arcane Arts
   527 | D        | Learned a level 1 spell: Foxfire
   561 | D        | Noticed a burning bush
   561 | D        | Noticed an oklob plant
   562 | D        | Noticed a wandering mushroom
   861 | D        | Killed an oklob plant
   862 | D        | Reached skill level 1 in Spellcasting
   862 | D        | Reached skill level 1 in Conjurations
   862 | D        | Reached skill level 1 in Fire Magic
   883 | D        | Killed a burning bush
  1106 | D        | Noticed a spriggan druid
  1108 | D        | Killed a spriggan druid
  1109 | D        | Reached skill level 22 in Stealth
  1176 | D        | Noticed an oklob plant conjurer
  1177 | D        | Killed an oklob plant conjurer
  1178 | D        | Reached skill level 10 in Evocations
  1260 | D        | Noticed an oklob plant
  1260 | D        | Noticed an oklob plant summoner
  1261 | D        | Noticed an oklob plant shifter
  1265 | D        | Killed an oklob plant
  1267 | D        | Killed an oklob plant summoner
  1268 | D        | Reached XP level 10. HP: 53/53 MP: 14/17
  1270 | D        | Killed an oklob plant shifter
  1335 | D        | Noticed a spriggan rider
  1336 | D        | Found Luleg's Jewellery Emporium.
  1340 | D        | Found Qouc Huhoti's Armour Shoppe.
  1343 | D        | Reached skill level 23 in Stealth
  1344 | D        | Killed a spriggan rider
  1345 | D        | Reached skill level 10 in Dodging
  1345 | D        | Reached skill level 5 in Shields
  1345 | D        | Reached skill level 5 in Spellcasting
  1378 | D        | Bought a +6 ring of dexterity for 819 gold pieces
  1441 | D        | Noticed Agnes
  1443 | D        | Found Fanerust's Assorted Antiques.
  1443 | D        | Noticed a spriggan berserker
  1445 | D        | Found Enaner's Assorted Antiques.
  1447 | D        | Killed Agnes
  1451 | D        | Killed a spriggan berserker
  1452 | D        | Reached skill level 24 in Stealth
  1452 | D        | Reached XP level 11. HP: 58/58 MP: 17/21
  1458 | D        | Noticed a spriggan defender
  1465 | D        | Killed a spriggan defender
  1468 | D        | Identified the +10 short sword of Oviparphi {freeze, rCorr
                  | Str+6 SInv Stlth-}
  1475 | D        | Bought a scroll of identify for 46 gold pieces
  1475 | D        | Bought a bubbling sapphire potion for 20 gold pieces
  1475 | D        | Bought a scroll of identify for 46 gold pieces
  1477 | D        | Bought a scroll labelled LEITYZ XENOGU for 31 gold pieces
  1477 | D        | Bought a scroll labelled GAUKUWUACH for 31 gold pieces
  1477 | D        | Bought a scroll labelled LEITYZ XENOGU for 31 gold pieces
  1477 | D        | Bought a scroll of identify for 62 gold pieces
  1477 | D        | Bought a scroll labelled BIDACH UKIH for 31 gold pieces
  1477 | D        | Bought a scroll labelled LEITYZ XENOGU for 31 gold pieces
  1477 | D        | Bought a grey potion for 27 gold pieces
  1530 | D        | Noticed a spriggan rider
  1538 | D        | Killed a spriggan rider
  1551 | D        | Noticed a ghost moth
  1552 | D        | Found Folol's Book Emporium.
  1552 | D        | Found Gecogru's Book Boutique.
  1552 | D        | Found Exalucveok's Assorted Antiques.
  1558 | D        | Killed a ghost moth
  1559 | D        | Reached skill level 25 in Stealth
  1577 | D        | Bought a book of Misfortune for 364 gold pieces
  1580 | D        | Learned a level 1 spell: Corona
  1583 | D        | Learned a level 2 spell: Ensorcelled Hibernation
  1584 | D        | Bought 2 grey potions for 46 gold pieces
  1584 | D        | Bought a scroll labelled HOWNY FUYHIXE for 26 gold pieces
  1584 | D        | Bought a jewelled fluorescent wand for 104 gold pieces
  1584 | D        | Bought a potion of heal wounds for 130 gold pieces
  1623 | D        | Noticed an oklob plant shifter
  1623 | D        | Noticed an oklob plant meteorologist
  1627 | D        | Killed an oklob plant meteorologist
  1628 | D        | Reached skill level 5 in Fire Magic
  1639 | D        | Killed an oklob plant shifter
  1640 | D        | Reached skill level 1 in Hexes
  1696 | D        | Noticed a spriggan rider
  1702 | D        | Reached skill level 1 in Ice Magic
  1759 | D        | Found Olem's Distillery.
  1759 | D        | Found Adunu's Weapon Boutique.
  1759 | D        | Found Ysmyofou's Antique Weapon Shop.
  1759 | D        | Found Zeeloe Wahor's Antique Armour Emporium.
  1759 | D        | Found Mycwiav's Antique Weapon Shoppe.
  1760 | D        | Found Ustrarhou's Distillery.
  1760 | D        | Found Xeuzutsa's Weapon Shop.
  1760 | D        | Found Voorhacu's Magic Scroll Boutique.
  1777 | D        | Bought 3 scrolls of identify for 66 gold pieces
  1777 | D        | Bought a scroll of acquirement for 572 gold pieces
  1777 | D        | Bought a scroll of identify for 22 gold pieces
  1777 | D        | Bought a scroll of identify for 22 gold pieces
  1782 | D        | Bought a potion of curing for 33 gold pieces
  1804 | D        | Acquired a +6 ring of strength
  1810 | D        | Noticed an oklob plant summoner
  1811 | D        | Found Uloickin's Distillery.
  1812 | D        | Found Urikat's Jewellery Shop.
  1818 | D        | Killed an oklob plant summoner
  1822 | D        | Bought a potion of berserk rage for 60 gold pieces
  1826 | D        | Learned a level 2 spell: Slow
  1830 | D        | Learned a level 3 spell: Confusing Touch
  1900 | D        | Noticed an oklob plant demonologist
  1900 | D        | Noticed an oklob plant annihilator
  1901 | D        | Noticed a spriggan berserker
  1910 | D        | Killed an oklob plant demonologist
  1914 | D        | Killed an oklob plant annihilator
  1915 | D        | Reached skill level 5 in Conjurations
  1926 | D        | HP: 1/60 [spriggan berserker (30)]
  1930 | D        | Annihilated by a spriggan berserker

Illustrated notes

Levels and vault maps discovered:
D:        dungeon_sprint_fedhas [sprint_temple]

Skill      XL: |  1  2  3  4  5  6  7  8  9 10 11 |
---------------+----------------------------------+-----
Dodging        | 2 3 4 5 7 8 9 10 11 | 11.8
Stealth        | 7 10 12 13 15 18 19 21 22 24 25 | 25.7
Fighting       | 2 3 4 5 6 7 |  7.8
Short Blades   | 3 4 5 6 7 |  7.3
Throwing       | 3 4 |  4.4
Evocations     | 1 5 8 10 13 14 | 14.7
Shields        | 2 3 4 5 6 |  6.4
Spellcasting   | 4 6 8 |  8.1
Conjurations   | 2 3 5 |  5.0
Fire Magic     | 2 4 5 |  5.4
Hexes          | 2 |  2.9
Ice Magic      | 1 |  1.8

Action                   |  1- 3 |  4- 6 |  7- 9 | 10-12 || total
-------------------------+-------+-------+-------+-------++-------
Melee: Dagger            |     6 |     7 |    78 |     5 ||    96
       Short sword       |       |       |       |    44 ||    44
Throw: Dart              |     3 |       |       |       ||     3
 Abil: Evoke Invisibilit |       |     3 |     8 |     7 ||    18
  Use: Scroll            |       |     3 |     3 |     9 ||    15
       Potion            |       |       |     1 |       ||     1
 Stab: Sleeping          |     2 |     7 |    10 |    19 ||    38
       Invisible         |       |       |     9 |     3 ||    12
Armor: Robe              |     2 |       |       |       ||     2
Dodge: Dodged            |     3 |       |    16 |    29 ||    48
Block: Buckler           |       |       |     7 |    12 ||    19
